 Dungeon Crawl Stone Soup version 0.23.2-1-ga50397a6bc (webtiles) character file.

Game seed: 17007813728321713920

23 Revguard the Skirmisher (level 2, -7/24 HPs)
             Began as a Demonspawn Monk on Apr 16, 2019.
             Mangled by a gnoll
             ... wielding a +0 halberd
              (8 damage)
             ... on level 2 of the Dungeon.
             The game lasted 00:02:17 (893 turns).

Revguard the Skirmisher (Demonspawn Monk)            Turns: 893, Time: 00:02:18

Health: -7/24      AC:  6    Str: 13 (16) XL:     2   Next: 72%
Magic:  0/2        EV: 10    Int:  8 (11) God:
Gold:   65         SH:  0    Dex: 14 (15) Spells: 1/1 levels left

rFire    . . .     SeeInvis .   a - +0 falchion
rCold    . . .     Gourm    .   (no shield)
rNeg     . . .     Faith    .   f - +0 scale mail
rPois    .         Spirit   +   (no helmet)
rElec    .         Reflect  .   (no cloak)
rCorr    .         Harm     +   (no gloves)
MR       .....                  (no boots)
Stlth    +.........             d - amulet of harm
HPRegen  0.08/turn              (no ring)
MPRegen  0.08/turn              (no ring)

@: mighty
A: magic shield
a: no special abilities


You were on level 2 of the Dungeon.
You were not hungry.

You visited 1 branch of the dungeon, and saw 2 of its levels.

You collected 65 gold pieces.

Inventory:

Hand Weapons
 a - a +0 falchion (weapon)
Armour
 f - a +0 scale mail (worn)
Jewellery
 d - an amulet of harm (around neck)
Scrolls
 b - a scroll of teleportation {unknown}
 g - a scroll of remove curse {unknown}
 h - a scroll of random uselessness {unknown}
 i - a scroll of fear {unknown}
Comestibles
 c - a ration


   Skills:
 + Level 3.2 Fighting
 + Level 3.0 Long Blades
 * Level 0.8 Armour
 + Level 2.9 Dodging
 - Level 1.7 Stealth


You had one spell level left.
You didn't know any spells.
Your spell library was empty.

Dungeon Overview and Level Annotations

Branches:
Dungeon (2/15)

Altars:


Innate Abilities, Weirdness & Mutations

When hurt, damage is shared between your health and your magic reserves.


Message History

The frilled lizard closely misses you.
The giant cockroach bites you but does no damage.
The rat moves out of view.
The bat barely misses you.
The giant cockroach bites you but does no damage.
The frilled lizard closely misses you. The gnoll completely misses you.
The bat hits you but does no damage.
The giant cockroach bites you but does no damage.
The frilled lizard bites you but does no damage.
The bat hits you but does no damage.
The gnoll hits you from afar with a +0 halberd.
* * * LOW HITPOINT WARNING * * *
The giant cockroach bites you but does no damage.
The frilled lizard barely misses you.
The giant cockroach bites you but does no damage.
The gnoll closely misses you. The frilled lizard barely misses you.
You riposte.
You closely miss the frilled lizard. The bat barely misses you.
The bat closely misses you. The giant cockroach closely misses you.
The gnoll hits you from afar with a +0 halberd!
You die...

.......<#..#.#
.######......... ..#.
............
.....###.###.....
.......#.###..#.#
#.#..#.#.##...... #.
##.#..#.#.##...#..
#..##..b..#.#.##...#..
#rgs@.##.#.#.##......
#....ll#..............)#
##..#.g#....#.#.##......
..# #..#................
# .........#.#.##......
.........#.#.##......
..#.......#.#.##...#..
..[#.......#.#.##...#.#
...........#.##...#..


You could see a gnoll, a giant cockroach, a goblin, a bat, 2 frilled lizards and
a rat.

Vanquished Creatures
  An ooze (D:1)
  2 giant cockroaches (D:1)
  A goblin (D:2)
  2 hobgoblins (D:1)
  A kobold (D:1)
  6 bats
  2 frilled lizards
  3 rats (D:1)
18 creatures vanquished.

Notes
Turn   | Place    | Note
-------+----------+-------------------------------------------
     0 | D:1      | Revguard the Demonspawn Monk began the quest for the Orb.
     0 | D:1      | Reached XP level 1. HP: 18/18 MP: 1/1
   368 | D:1      | Gained mutation: When hurt, damage is shared between your
                  | health and your magic reserves. [demonic ancestry]
   368 | D:1      | Reached XP level 2. HP: 16/24 MP: 2/2
   891 | D:2      | HP: 1/24 [gnoll/+0 halberd (1)]
   893 | D:2      | Mangled by a gnoll

Skill      XL: |  1  2 |
---------------+-------+-----
Long Blades    | 3 |  3.0
Fighting       | |  3.2
Armour         | |  0.8
Dodging        | |  2.9
Stealth        | |  1.7

Action                   || total
-------------------------++-------
Melee: Falchion          ||    48
  Use: Potion            ||     2
 Stab: Sleeping          ||     1
Armor: Robe              ||     7
       Scale mail        ||    44
Dodge: Dodged            ||    61
       Rpst.: Falchion   ||    24
